 Dungeon Crawl Stone Soup version 0.28-a0-750-g7c675f85b1 (webtiles) character file.

Game seed: 5061210485533090250

9841 ytrimaz the Grappler (level 11, 83/86 HPs)
             Began as a Demonspawn Gladiator on Oct 29, 2021.
             Was a Believer of Okawaru.
             Quit the game on level 11 of the Dungeon.
             The game lasted 00:12:50 (10671 turns).

ytrimaz the Grappler (Demonspawn Gladiator)        Turns: 10671, Time: 00:12:51

Health: 83/86      AC: 14    Str: 29    XL:     11   Next: 28%
Magic:  11/11      EV: 13    Int:  9    God:    Okawaru [**....]
Gold:   466        SH:  0    Dex: 16    Spells: 10/10 levels left

rFire   . . .      SeeInvis .     - Unarmed
rCold   . . .      Faith    .   (no shield)
rNeg    + . .      Spirit   .   f - +1 scale mail "Loskea" {Str+4 Dex+2}
rPois   +          Reflect  .   b - +0 helmet
rElec   .          Harm     .   (no cloak)
rCorr   .          Rampage  .   (no gloves)
Will    .....                   p - +1 pair of boots
Stlth   ..........              a - amulet of regeneration
HPRegen 1.24/turn               g - +4 ring of slaying
MPRegen 0.12/turn               l - ring "Luxis Niome" {rPois rN+ Str+6 Stlth-}

@: no status effects
A: claws 1, rugged brown scales 1, (demonic guardian 2), demonic magic 1
a: Renounce Religion, Heroism


You were on level 11 of the Dungeon.
You worshipped Okawaru.
Okawaru was pleased with you.
You visited 2 branches of the dungeon, and saw 12 of its levels.

You collected 1812 gold pieces.
You spent 1346 gold pieces at shops.

Inventory:

Hand Weapons
 v - the +4 flail of the Realm of Zot {drain, rC+ rN+ Will- Int+2}
   (You took it off an orc wizard on level 7 of the Dungeon)

   A truly terrible weapon, it drains the life of any living foe it strikes.
   Int:       It affects your intelligence (+2).
   rC:        It protects you from cold.
   rN:        It protects you from negative energy.
   Will:      It decreases your willpower.
Missiles
 c - 3 throwing nets (quivered)
Armour
 b - a +0 helmet (worn)
 d - a +0 pair of boots
 f - the +1 scale mail "Loskea" (worn) {Str+4 Dex+2}
   (You found it on level 4 of the Dungeon)

   Str:       It affects your strength (+4).
   Dex:       It affects your dexterity (+2).
 k - a +0 plate armour
 o - +0 acid dragon scales
 p - a +1 pair of boots (worn)
Jewellery
 a - an amulet of regeneration (around neck)
 g - a +4 ring of slaying (left claw)
 h - a +6 ring of strength
 j - a +4 ring of protection
 l - the ring "Luxis Niome" (right claw) {rPois rN+ Str+6 Stlth-}
   (You bought it in a shop on level 5 of the Dungeon)

   [ring of strength]

   Str:       It affects your strength (+6).
   rPois:     It protects you from poison.
   rN:        It protects you from negative energy.
   Stlth:     It makes you less stealthy.
 r - a ring of fire
 y - a ring of positive energy
Wands
 t - a wand of polymorph (6)
Scrolls
 i - a scroll of brand weapon
 q - a scroll of magic mapping
 s - 3 scrolls of teleportation
 x - a scroll of immolation
 A - a scroll of identify
Potions
 e - a potion of haste
 m - a potion of flight {unknown}
 n - a potion of invisibility
 u - a potion of mutation
 w - a potion of lignification
 z - 2 potions of curing
 B - a potion of resistance


   Skills:
 * Level 7.5 Fighting
 - Level 1.7 Throwing
 * Level 9.9 Armour
 + Level 5.2 Dodging
 + Level 10.6 Unarmed Combat


You had 10 spell levels left.
You didn't know any spells.
Your spell library contained the following spells:

 Spells                   Type           Power      Damage    Failure   Level
 Beastly Appendage        Tmut           0%         N/A       58%         1
 Magic Dart               Conj           0%         1d3       58%         1
 Wereblood                Tmut           0%         N/A       75%         2
 Frozen Ramparts          Ice            0%         1d2       92%         3
 Gell's Gravitas          Tloc           0%         N/A       92%         3
 Lesser Beckoning         Tloc           0%         N/A       92%         3
 Mephitic Cloud           Conj/Pois/Air  0%         N/A       92%         3
 Spider Form              Tmut/Pois      0%         N/A       92%         3
 Stone Arrow              Conj/Erth      0%         3d7       92%         3
 Teleport Other           Tloc           0%         N/A       92%         3
 Ice Form                 Ice/Tmut       0%         N/A       100%        4
 Leda's Liquefaction      Hex/Erth       0%         N/A       100%        4
 Borgnjor's Vile Clutch   Necr/Erth      0%         N/A       100%        5
 Lee's Rapid Deconstruct  Erth           0%         3d5*      100%        5
 Statue Form              Tmut/Erth      0%         N/A       100%        6
 Lehudib's Crystal Spear  Conj/Erth      0%         10d2      100%        8
 Call Imp                 Summ           Unusable   N/A       N/A         2
 Animate Armour           Summ/Erth      Unusable   N/A       N/A         4
 Animate Dead             Necr           Unusable   N/A       N/A         4
 Summon Ice Beast         Ice/Summ       Unusable   N/A       N/A         4
 Death Channel            Necr           Unusable   N/A       N/A         6

Dungeon Overview and Level Annotations

Branches:
Dungeon (11/15)            Temple (1/1) D:4            Lair (0/6) D:8
    Orc (0/2) D:11

Altars:
Ashenzari
Cheibriados
Dithmenos
Elyvilon
Gozag
Hepliaklqana
Kikubaaqudgha
Makhleb
Nemelex Xobeh
Okawaru
Qazlal
Ru
Sif Muna
Trog
Uskayaw
Vehumet
Wu Jian
Xom
Yredelemnul
Zin
The Shining One

Shops:
D:1 *   D:5 =[*   D:9 :*


Innate Abilities, Weirdness & Mutations

You have sharp fingernails.
You are partially covered in rugged brown scales. (AC +1, +3% HP)
((A demonic guardian rushes to your aid.))
Spells you cast may paralyse adjacent enemies.


Message History

The kobold brigand is almost dead.
The kobold brigand barely misses you.
You claw the kobold brigand!
You kill the kobold brigand!
Okawaru accepts your kill.
The kobold hits you but does no damage. x2
The kobold hits you but does no damage.
Things that are here:
a +0 short sword; 21 poisoned darts; a kobold corpse Unknown command.
You closely miss the kobold. The kobold barely misses you.
The kobold hits you but does no damage. x3
The kobold closely misses you. The kobold barely misses you.
The kobold hits you with a +0 short sword.
The kobold closely misses you. The kobold hits you but does no damage.
You closely miss the kobold. You claw the kobold.
You kill the kobold!
The kobold closely misses you. The kobold barely misses you.
You mangle the kobold!!
You kill the kobold!
The kobold barely misses you. x2
The kobold misses you. The kobold hits you but does no damage.
Items here: ! ( )) ††.
Unknown command.
The kobold misses you. The kobold closely misses you.
The kobold barely misses you. The kobold closely misses you.
Items here: ! ( )) ††.
You claw the kobold!
You kill the kobold!
The kobold hits you but does no damage.
Things that are here:
a +0 short sword; a kobold corpse You closely miss the kobold.
The kobold hits you with a +0 quarterstaff!
You mangle the kobold!!
You kill the kobold!
Okawaru accepts your kill.
z - 2 potions of curing (gained 1)
Items here: ( ))) ††.
Are you sure you want to abandon this character and quit the game? (Confirm with "yes".)

#.......#
#.#..#
#.......#
#.#..##
#.....(.#
#.##..# #.#
#########
#.##..###.#
#.###..##.#
#.# #..##.#
###+####..#.#
#....)....#.#
#....@.)#.#.#
#.......#...#
#.......##..#
###'##..##..#
##.##.>###.##
#8.8#..# #(.#
##.##..# #..##
#.#######...#
####
##.##.......>#


There were no monsters in sight!

Vanquished Creatures
  2 two-headed ogres
  A cyclops (D:11)
  A manticore (D:11)
  Prince Ribbit (D:6)
  2 shadows (D:11)
  Eustachio (D:5)
  A wyvern (D:7)
  16 yaks
  Menkaure (D:4)
  3 water moccasins
  2 ice beasts
  2 orc warriors
  2 sky beasts
  A black bear (D:4)
  3 necrophages
  5 centaurs
  2 kobold brigands
  4 bullfrogs
  A scorpion (D:7)
  A wyvern skeleton (D:5)
  20 killer bees
  5 wights (D:8)
  3 centaur zombies
  5 howler monkeys
  2 jellies
  A hound (D:4)
  3 orc priests
  A centaur skeleton (D:7)
  3 iguanas
  11 orc wizards
  A killer bee zombie (D:7)
  A hound zombie (D:5)
  A howler monkey skeleton (D:7)
  3 gnolls (D:6)
  12 adders
  2 ufetubi
  2 adder zombies (D:4)
  4 worms
  A dart slug (D:4)
  20 orcs
  5 ball pythons
  5 endoplasms
  A giant cockroach (D:3)
  4 goblins
  4 hobgoblins
  2 quokkas
  2 bats (D:2)
  2 frilled lizards (D:3)
  10 kobolds
  4 rats
192 creatures vanquished.

Vanquished Creatures (collateral kills)
  An acid dragon (D:6)
  An orc warrior (D:6)
  A necrophage (D:6)
  A killer bee (D:8)
  A gnoll shaman (D:6)
  2 orc wizards
  5 orcs
  A kobold (D:7)
13 creatures vanquished.

Vanquished Creatures (others)
  A kobold (D:7)
1 creature vanquished.

Grand Total: 206 creatures vanquished

Notes
Turn   | Place    | Note
-------+----------+-------------------------------------------
     0 | D:1      | ytrimaz the Demonspawn Gladiator began the quest for the
                  | Orb.
     0 | D:1      | Reached XP level 1. HP: 16/16 MP: 1/1
   444 | D:1      | Found Rofakuet's Assorted Antiques.
   448 | D:1      | Bought a scroll labelled ODIXEU JAJAORR for 30 gold pieces
   455 | D:1      | Acquired 675 gold pieces
   464 | D:1      | Bought 3 scrolls labelled PIMURO YWKA for 90 gold pieces
   464 | D:1      | Bought a scroll labelled LOROSA UCVURUG for 30 gold pieces
   464 | D:1      | Bought a knobbly brass ring for 150 gold pieces
   728 | D:2      | Gained mutation: You have sharp fingernails. [demonic
                  | ancestry]
   728 | D:2      | Reached XP level 2. HP: 18/22 MP: 2/2
   748 | D:2      | Reached skill level 3 in Unarmed Combat
   864 | D:2      | Reached XP level 3. HP: 27/27 MP: 3/3
  1030 | D:2      | Reached skill level 1 in Armour
  1540 | D:3      | Reached XP level 4. HP: 33/34 MP: 4/4
  1887 | D:3      | Found a faded altar of an unknown god.
  2012 | D:3      | Found a hazy altar of Hepliaklqana.
  2360 | D:4      | Found a snail-covered altar of Cheibriados.
  2470 | D:4      | Reached XP level 5. HP: 30/39 MP: 5/5
  2603 | D:4      | Found an opulent altar of Gozag.
  2699 | D:4      | Reached skill level 4 in Unarmed Combat
  2771 | D:4      | Noticed a black bear
  2777 | D:4      | Killed a black bear
  2778 | D:4      | Gained mutation: A weak demonic guardian rushes to your
                  | aid. [demonic ancestry]
  2778 | D:4      | Reached XP level 6. HP: 36/47 MP: 6/6
  2958 | D:4      | Found a basalt altar of Yredelemnul.
  3027 | D:4      | Found a staircase to the Ecumenical Temple.
  3032 | D:4      | Noticed Menkaure
  3039 | D:4      | Killed Menkaure
  3043 | Temple   | Entered the Ecumenical Temple
  3497 | D:4      | Identified the +1 scale mail "Loskea" {Str+4 Dex+2}
  3807 | D:5      | Entered Level 5 of the Dungeon
  3833 | D:5      | Found Lesos's Jewellery Shop.
  3940 | D:5      | Noticed Eustachio
  3948 | D:5      | Killed Eustachio
  3949 | D:5      | Reached skill level 5 in Unarmed Combat
  3949 | D:5      | Reached XP level 7. HP: 53/53 MP: 7/7
  4164 | D:5      | Found Otearer's Armour Emporium.
  4289 | D:5      | Found Xiycolyo's General Store.
  4649 | D:5      | Gained mutation: A demonic guardian rushes to your aid.
                  | [demonic ancestry]
  4649 | D:5      | Reached XP level 8. HP: 45/60 MP: 8/8
  4783 | D:6      | Noticed Prince Ribbit
  4791 | D:6      | Killed Prince Ribbit
  4792 | D:6      | Reached skill level 5 in Armour
  4792 | D:6      | Reached skill level 6 in Unarmed Combat
  5081 | D:6      | Found an ornate altar of the Wu Jian Council.
  5180 | D:6      | Reached skill level 5 in Fighting
  5189 | D:6      | Reached skill level 7 in Unarmed Combat
  5397 | D:6      | Reached XP level 9. HP: 68/68 MP: 9/9
  6247 | D:7      | Found a burning altar of Makhleb.
  6805 | D:7      | Identified the +4 flail of the Realm of Zot {drain, rC+ rN+
                  | Will- Int+2}
  6806 | D:7      | Found a stormy altar of Qazlal.
  6806 | D:7      | Found a shimmering altar of Xom.
  6812 | D:7      | Reached skill level 8 in Unarmed Combat
  7385 | D:7      | Identified the +6 war axe "Jourusk" {vorpal, Fragile Dex+4}
  7424 | D:8      | Found a broken altar of Ashenzari.
  7449 | D:8      | Gained mutation: Spells you cast may paralyse adjacent
                  | enemies. [demonic ancestry]
  7449 | D:8      | Reached XP level 10. HP: 19/76 MP: 10/10
  8023 | D:8      | Found a shadowy altar of Dithmenos.
  8433 | D:8      | Found a staircase to the Lair.
  8628 | D:8      | Reached skill level 9 in Unarmed Combat
  9227 | D:8      | Acquired 759 gold pieces
  9272 | D:5      | Bought the ring "Luxis Niome" {rPois rN+ Str+6 Stlth-} for
                  | 870 gold pieces
  9395 | D:9      | Found Vedaize Uluc's Changing Room.
  9473 | D:9      | Bought a potion of mutation for 128 gold pieces
  9473 | D:9      | Bought a potion of lignification for 48 gold pieces
  9500 | D:9      | Found Alaoco's Book Boutique.
  9581 | D:9      | Noticed a two-headed ogre
  9590 | D:9      | Killed a two-headed ogre
  9591 | D:9      | Reached skill level 5 in Dodging
  9682 | D:9      | Found an iron altar of Okawaru.
  9699 | D:9      | Became a worshipper of Warmaster Okawaru
  9883 | D:9      | You fall into a shaft and drop 2 floors!
  9891 | D:11     | Reached skill level 10 in Unarmed Combat
  9911 | D:11     | Gained mutation: You are partially covered in rugged brown
                  | scales. (AC +1, +3% HP) [demonic ancestry]
  9911 | D:11     | Reached XP level 11. HP: 16/86 MP: 11/11
 10111 | D:10     | Entered Level 10 of the Dungeon
 10188 | D:11     | Found a staircase to the Orcish Mines.
 10253 | D:11     | Reached * piety under Okawaru
 10269 | D:11     | Noticed a two-headed ogre
 10279 | D:11     | Killed a two-headed ogre
 10341 | D:11     | Reached ** piety under Okawaru
 10671 | D:11     | Quit the game

Illustrated notes

Levels and vault maps discovered:
D:1:      dpeg_arrival_arbitrary_b, layout_basic, serial_shops, shop
D:2:      layout_basic
D:3:      layout_rooms, general_overflow_altar,
          shapermc_ecumenical_altar_notcrosses
D:4:      layout_loops_ring, lemuel_zombie_altar_yredelemnul,
          mainiacjoe_overflow_concentric_impassable, slow_altar_1,
          minmay_temple_entry_tees, minmay_misc_feat_alley,
          chequers_serial_rivers_room_a, nrook_mini_vaults, st_stairs_12,
          uniq_menkaure
D:5:      layout_cave_pools, serial_shops, nicolae_stop_n_shop_2, shop,
          nicolae_shop_crystal, uniq_eustachio
D:6:      layout_cave_pods, nicolae_wu_jian_wuxing_cycle, uniq_prince_ribbit1
D:7:      layout_loops_cross, gammafunk_temple_overflow_claw
D:8:      layout_loops_ring, nicolae_dithmenos_the_darkroom,
          mainiacjoe_overflow_paths
D:9:      layout_roguey, okawaru_metal_pillars_3, serial_shops,
          nicolae_take_the_stairs, nicolae_transmutations_shop, minmay_between,
          uniq_erolcha
D:10:     minmay_stone_box, layout_loops_ring, fedhas_altar_4
D:11:     layout_basic, orc_0_dummy, dk_noncrumbling_2, lightli_minifort
Temple:   compressed_dpeg_circular_temple

Skill      XL: |  1  2  3  4  5  6  7  8  9 10 |
---------------+-------------------------------+-----
Dodging        | 3 4 5 |  5.2
Unarmed Combat | 3 4 5 7 8 10 | 10.6
Armour         | 1 2 3 4 6 8 9 |  9.9
Fighting       | 3 4 5 6 7 |  7.5
Throwing       | |  1.7

Action                   |  1- 3 |  4- 6 |  7- 9 | 10-12 || total
-------------------------+-------+-------+-------+-------++-------
Melee: Unarmed           |    62 |   135 |   210 |   259 ||   666
       Punch             |     2 |     3 |    13 |    14 ||    32
  Use: Scroll            |     4 |     4 |     4 |     5 ||    17
       Potion            |       |     3 |     1 |     9 ||    13
 Stab: Sleeping          |     2 |       |       |       ||     2
       Invisible         |       |       |       |     2 ||     2
       Distracted        |       |       |       |     1 ||     1
Armor: Leather armour    |    16 |     3 |       |       ||    19
       Chain mail        |       |    78 |       |       ||    78
       Scale mail        |       |     9 |   120 |   148 ||   277
Dodge: Dodged            |    40 |    60 |   155 |   220 ||   475

Table legend: (Time is in decaauts)
 A = Elapsed time spent in this place.
 B = Non-inter-level travel time spent in this place.
 C = Inter-level travel time spent in this place.
 D = Time resting spent in this place.
 E = Time spent auto-exploring this place.
 F = Levels seen in this place.
 G = Mean time per level.
                   A        B        C        D        E       F      G
               +--------+--------+--------+--------+--------+-----+--------+
         Total |  10596 |  10293 |    303 |   1631 |   6906 |  12 |  883.0 |
       Dungeon |  10158 |   9875 |    283 |   1605 |   6585 |  11 |  923.5 |
        Temple |    438 |    418 |     20 |     26 |    321 |   1 |  438.0 |
               +--------+--------+--------+--------+--------+-----+--------+

Top non-repeatable levels by time:
     D:8: 1881 daAuts
     D:7: 1395 daAuts
     D:6: 1259 daAuts
     D:4: 1001 daAuts
     D:5: 997 daAuts
     D:2: 825 daAuts
     D:3: 822 daAuts
    D:11: 765 daAuts
     D:1: 705 daAuts
     D:9: 497 daAuts
  Temple: 438 daAuts
    D:10: 7 daAuts
